 Dungeon Crawl Stone Soup version 0.32-a0-981-g384da2ce10 (webtiles) character file.

Game seed: 5057044081071524521

1337 holysushi the Slicer (level 8, -1/50 HPs)
             Began as an Octopode Hunter on Apr 21, 2024.
             Slain by a gnoll
             ... wielding a +0 halberd
             ... led by a gnoll bouda
              (5 damage)
             ... on level 6 of the Dungeon.
             The game lasted 00:06:16 (4876 turns).

holysushi the Slicer (Octopode Hunter)              Turns: 4876, Time: 00:06:16

Health: -1/50      AC:  1    Str: 10    XL:     8   Next: 61%
Magic:  8/8        EV: 14    Int: 12    God:
Gold:   269        SH:  5    Dex: 17    Spells: 7/7 levels left

rFire   . . .        a - +1 rapier (venom)
rCold   . . .        (no shield)
rNeg    . . .        (helmet restricted)
rPois   .            p - amulet of reflection
rElec   .            x - ring of willpower
rCorr   .            (no ring)
SInv    .            (no ring)
Will    +....        (no ring)
Stlth   ++++         (no ring)
HPRegen 0.28/turn    (no ring)
MPRegen 0.11/turn    (no ring)
                     (no ring)

%: reflection
@: weakened
A: almost no armour, amphibious, 8 rings, camouflage 1, gelatinous body 1,
(nimble swimmer 1), tentacles
a: no special abilities


You were on level 6 of the Dungeon.
You visited 1 branch of the dungeon, and saw 6 of its levels.

You collected 269 gold pieces.

Inventory:

Hand Weapons
 a - a +1 rapier of venom (weapon)
 b - a +0 shortbow
 n - a +0 short sword
Missiles
 y - a throwing net (quivered)
Jewellery
 p - an amulet of reflection (around mantle)
 w - an amulet of the acrobat
 x - a ring of willpower (left tentacle)
Wands
 m - a wand of warping (3)
 r - a wand of polymorph (9)
 s - a wand of mindburst (8)
 t - a wand of flame (24)
Scrolls
 c - a scroll of butterflies
 f - 2 scrolls of blinking
 i - 2 scrolls of teleportation
 k - 2 scrolls of vulnerability
Potions
 d - 3 potions of magic {unknown}
 e - a potion of ambrosia {unknown}
 g - a potion of mutation {unknown}
 h - 3 potions of curing {unknown}
 j - a potion of might {unknown}
 l - a potion of resistance {unknown}
 o - a potion of brilliance {unknown}
 u - a potion of attraction {unknown}


   Skills:
 - Level 2.0 Fighting
 + Level 8.3 Short Blades
 - Level 4.0 Ranged Weapons
 - Level 5.0 Dodging
 - Level 4.0 Stealth
 - Level 2.0 Evocations


You had 7 spell levels left.
You didn't know any spells.
Your spell library contained the following spells:

 Spells                   Type           Power      Damage    Failure   Level
 Apportation              Tloc           0%         N/A       32%         1
 Necrotise                Necr           0%         1d4       32%         1
 Slow                     Hex            0%         N/A       32%         1
 Sting                    Conj/Alch      0%         1d3       32%         1
 Summon Small Mammal      Summ           0%         N/A       32%         1
 Confusing Touch          Hex            0%         N/A       69%         3
 Vampiric Draining        Necr           0%         2d6       69%         3


Dungeon Overview and Level Annotations

Branches:
Dungeon (6/15) Zot: 26835
 Temple: D:4-7

Altars:
Elyvilon
Kikubaaqudgha
Sif Muna


Innate Abilities, Weirdness & Mutations

You cannot wear most types of armour.
You are amphibious.
You can wear up to eight rings at the same time.
Your skin changes colour to match your surroundings (Stealth+).
Your rubbery body absorbs attacks. (AC +1, EV +1)
((You are camouflaged when in or above water. (Stealth+)))
You have tentacles for arms and can constrict up to eight enemies at once.


Message History

The gnoll barely misses you.
You hit the gnoll bouda but do no damage.
You grab the gnoll bouda.
The gnoll bouda is lightly wounded.
Your attacks no longer feel as feeble.
You constrict the gnoll bouda.
The gnoll bouda gazes fiercely through you!
You feel your attacks grow feeble. The gnoll bouda completely misses you.
The gnoll barely misses you.
You hit the gnoll bouda.
The gnoll bouda is poisoned.
You squeeze the gnoll bouda.
The gnoll bouda is heavily wounded.
You constrict the gnoll bouda.
The gnoll bouda mumbles some strange prayers to its god.
The gnoll bouda is healed somewhat.
The gnoll misses you.
You hit the gnoll bouda.
The gnoll bouda looks as sick as possible!
You squeeze the gnoll bouda, but do no damage.
The gnoll bouda is heavily wounded.
You constrict the gnoll bouda. The gnoll bouda completely misses you.
The gnoll misses you.
You hit the gnoll bouda but do no damage.
You squeeze the gnoll bouda.
The gnoll bouda is almost dead.
You constrict the gnoll bouda.
The gnoll bouda gazes fiercely through you!
You feel as though you will be weak longer.
The gnoll bouda hits you with a +0 whip!
You hit the gnoll bouda.
You kill the gnoll bouda!
The gnoll hits you from afar with a +0 halberd.
* * * LOW HITPOINT WARNING * * *
The gnoll hits you with a +0 halberd!
* * * LOW HITPOINT WARNING * * *
Things that are here:
a +0 whip; a +0 leather armour; a +0 whip You hit the gnoll.
The gnoll is poisoned.
Your grab misses the gnoll.
The gnoll is moderately wounded.
The gnoll hits you with a +0 halberd.
You die...

###.......#####.......#####.#
#+#...#'#.#...........#.#'#
#####...##.........##..)#
#......+.........'.....
#......##.......##.....
#.......#.......#......
+.......####+####......
#.......#.......#......
#.....@##.....?.##.....
#.....g).........+.....
###...##.........##...#
#+#.#...........#.#+#
#####.......##### #+#...#+#
####


You could see a gnoll (swift, very poisoned).

Vanquished Creatures
  Grinder (D:3)
  Sigmund (D:2)
  Eustachio (D:5)
  2 ice beasts
  Blork the orc (D:5)
  2 scorpions (D:5)
  A bombardier beetle (D:5)
  2 hounds (D:5)
  2 orc priests (D:5)
  A gnoll bouda (D:6)
  Jessica (D:3)
  A sleepcap (D:6)
  5 gnolls
  11 adders
  4 dart slugs
  A ribbon worm (D:2)
  19 orcs
  5 endoplasms
  5 giant cockroaches
  7 goblins
  5 hobgoblins
  4 jackals (D:1)
  A quokka (D:2)
  8 ball pythons
  8 bats
  4 frilled lizards
  3 frilled lizard zombies (D:4)
  13 kobolds
  4 rats
123 creatures vanquished.

Notes
Turn   | Place    | Note
-------+----------+-------------------------------------------
     0 | D:1      | holysushi the Octopode Hunter began the quest for the Orb.
     0 | D:1      | Reached XP level 1. HP: 14/14 MP: 1/1
    51 | D:1      | You fall into a shaft and drop 1 floor!
   113 | D:1      | Reached skill level 1 in Short Blades
   176 | D:2      | Reached skill level 2 in Short Blades
   176 | D:2      | Reached XP level 2. HP: 19/19 MP: 2/2
   241 | D:2      | Reached XP level 3. HP: 14/24 MP: 3/3
   470 | D:1      | Reached skill level 3 in Short Blades
  1024 | D:2      | Found a faded altar of an unknown god.
  1059 | D:2      | Reached XP level 4. HP: 22/29 MP: 4/4
  1128 | D:2      | Noticed Sigmund
  1132 | D:2      | Killed Sigmund
  1133 | D:2      | Reached skill level 5 in Short Blades
  1133 | D:2      | Reached XP level 5. HP: 34/34 MP: 5/5
  1143 | D:2      | Reached XP level 6. HP: 39/39 MP: 6/6
  1545 | D:3      | Reached skill level 1 in Evocations
  1794 | D:3      | Noticed Grinder
  1794 | D:3      | Paralysed by Grinder for 4 turns
  1805 | D:3      | Killed Grinder
  1806 | D:3      | Reached skill level 6 in Short Blades
  1806 | D:3      | Reached XP level 7. HP: 38/45 MP: 7/7
  1836 | D:3      | Noticed Jessica
  2078 | D:3      | Killed Jessica
  2662 | D:4      | Found an ancient bone altar of Kikubaaqudgha.
  2790 | D:4      | Reached skill level 7 in Short Blades
  3450 | D:5      | Entered Level 5 of the Dungeon
  4079 | D:5      | Reached XP level 8. HP: 44/50 MP: 8/8
  4120 | D:5      | Found a shimmering blue altar of Sif Muna.
  4216 | D:5      | Noticed Eustachio
  4226 | D:5      | Killed Eustachio
  4563 | D:5      | Noticed Blork the orc
  4570 | D:5      | Killed Blork the orc
  4658 | D:5      | Reached skill level 8 in Short Blades
  4737 | D:6      | Found a white marble altar of Elyvilon.
  4863 | D:6      | Reached skill level 5 in Dodging
  4876 | D:6      | Slain by a gnoll

Illustrated notes

Levels and vault maps discovered:
D:1:      heliophobic_arrival_battle_scene, layout_rooms
D:2:      kennysheep_big_flooded_room, layout_basic,
          chequers_ecumenical_altar_simple_redux, columned_hall_lemuel,
          uniq_sigmund
D:3:      layout_basic, uniq_grinder, uniq_jessica
D:4:      layout_basic, lemuel_zombie_altar_kikubaaqudgha
D:5:      layout_cave_pools, led_sif_pool, minmay_misc_feat_square,
          uniq_eustachio, uniq_blork_the_orc
D:6:      nicolae_cairo_tiling_very_big, layout_basic, old_standard_altar,
          minmay_temple_entry_butterflies, hangedman_decor_opposing

Skill      XL: |  1  2  3  4  5  6  7  8 |
---------------+-------------------------+-----
Short Blades   | 2 3 5 6 7 8 |  8.3
Evocations     | 2 |  2.0
Dodging        | 3 5 |  5.0
Stealth        | 3 4 |  4.0
Fighting       | |  2.0
Ranged Weapons | |  4.0

Action                     |  1- 3 |  4- 6 |  7- 9 || total
---------------------------+-------+-------+-------++-------
  Melee: Short sword       |    69 |    54 |   121 ||   244
         Constrict         |    20 |    16 |    47 ||    83
         Tentacles         |    13 |    16 |    46 ||    75
         Rapier            |       |       |    22 ||    22
  Evoke: Wand              |       |     1 |       ||     1
    Use: Scroll            |       |       |     7 ||     7
   Stab: Sleeping          |    10 |     4 |     5 ||    19
         Distracted        |       |       |     2 ||     2
         Held in net/web   |       |       |     1 ||     1
 Armour: Skin              |    38 |    20 |    56 ||   114
  Dodge: Dodged            |    36 |    28 |    62 ||   126
  Block: Other             |       |       |    12 ||    12
         Reflection        |       |       |     1 ||     1

Table legend: (Time is in decaauts)
 A = Elapsed time spent in this place.
 B = Non-inter-level travel time spent in this place.
 C = Inter-level travel time spent in this place.
 D = Time resting spent in this place.
 E = Time spent auto-exploring this place.
 F = Levels seen in this place.
 G = Mean time per level.
                   A        B        C        D        E       F      G
               +--------+--------+--------+--------+--------+-----+--------+
         Total |   4806 |   4548 |    258 |    865 |   2652 |   6 |  801.0 |
       Dungeon |   4806 |   4548 |    258 |    865 |   2652 |   6 |  801.0 |
               +--------+--------+--------+--------+--------+-----+--------+

Top non-repeatable levels by time:
     D:4: 1519 daAuts
     D:3: 985 daAuts
     D:2: 842 daAuts
     D:5: 677 daAuts
     D:1: 617 daAuts
     D:6: 163 daAuts
